 Dungeon Crawl Stone Soup version 0.28-a0-863-g8cecda6153 (webtiles) character file.

Game seed: 1890454557526730567

1066 sanka the Ruffian (level 8, -3/93 HPs)
             Began as a Palentonga Transmuter on Nov 18, 2021.
             Was an Initiate of Okawaru.
             Slain by a killer bee (5 damage)
             ... on level 6 of the Dungeon.
             The game lasted 00:11:40 (6772 turns).

sanka the Ruffian (Palentonga Transmuter)           Turns: 6772, Time: 00:11:41

Health: -3/93      AC: 24    Str: 21    XL:     8   Next: 7%
Magic:  9/11       EV:  1    Int: 15    God:    Okawaru [......]
Gold:   191        SH:  0    Dex: 16    Spells: 5/11 levels left

rFire   . . .      SeeInvis +     - Unarmed
rCold   . . .      Faith    .   (no shield)
rNeg    . . .      Spirit   .   (armour currently unavailable)
rPois   +          Reflect  .   (helmet currently unavailable)
rElec   .          Harm     .   (cloak currently unavailable)
rCorr   .          Rampage  .   (gloves currently unavailable)
Will    .....      NoTele   +   (no barding)
Stlth   +.........              (no amulet)
HPRegen 0.25/turn               q - +6 ring of strength
MPRegen 0.12/turn               j - +6 ring of dexterity

@: tree-form
A: stationary, stasis, torment immunity, boosted hp, large, rugged brown scales
3, see invisible, (deformed body), (roll 1), (armoured tail), (reflexive curl)
a: Renounce Religion


You were on level 6 of the Dungeon.
You worshipped Okawaru.
Okawaru was noncommittal.
You were a tree.
You visited 2 branches of the dungeon, and saw 7 of its levels.

You collected 191 gold pieces.


Innate Abilities, Weirdness & Mutations

You are a tree.
Your roots penetrate the ground, keeping you stationary.
You cannot be teleported.
You are immune to unholy pain and torment.
Your maximum health is greatly increased.
Your equipment is partially melded.
(You are completely covered in rugged brown scales. (AC +3, +7% HP))
You have supernaturally acute eyesight. (SInv)
((Armour fits poorly on your strangely shaped body.))
((You can roll at nearby foes to attack.))
((You have a long armoured tail.))
((You curl defensively after being hit. (AC +7*)))


   Skills:
 - Level 3.0 Fighting
 + Level 3.3 Dodging
 - Level 6.0 Unarmed Combat
 - Level 2.0 Spellcasting
 - Level 6.0 Transmutations
 - Level 2.0 Poison Magic


You had 5 spell levels left.
You knew the following spells:

 Your Spells              Type           Power      Damage    Failure   Level
x - Spider Form           Tmut/Pois      13%        N/A       13%         3
y - Wereblood             Tmut           19%        N/A       2%          2
z - Beastly Appendage     Tmut           38%        N/A       1%          1

Your spell library contained the following spells:

 Spells                   Type           Power      Damage    Failure   Level
 Ensorcelled Hibernation  Hex/Ice        2%         N/A       32%         2
 Gell's Gravitas          Tloc           1%         N/A       54%         3
 Teleport Other           Tloc           1%         N/A       54%         3
 Ice Form                 Ice/Tmut       10%        N/A       54%         4
 Dispersal                Tloc           0%         N/A       100%        6

Inventory:

Missiles
 o - 6 silver javelins
Armour
 a - a +0 robe (melded)
 n - a +0 helmet (melded)
Jewellery
 j - a +6 ring of dexterity (right branch)
 m - a ring of fire
 q - a +6 ring of strength (left branch)
Scrolls
 c - 4 scrolls of identify {unknown}
 e - a scroll of enchant armour {unknown}
 h - a scroll of amnesia {unknown}
 p - 2 scrolls of teleportation {unknown}
 r - 2 scrolls of holy word {unknown}
 t - a scroll of blinking {unknown}
 u - a scroll of summoning {unknown}
 v - a scroll of torment {unknown}
 x - 2 scrolls of enchant weapon {unknown}
Potions
 b - a potion of lignification {!q}
 d - a potion of mutation {unknown}
 f - 2 potions of degeneration {unknown}
 g - a potion of brilliance {unknown}
 i - 3 potions of cancellation
 k - 2 potions of curing {unknown}
 l - 2 potions of berserk rage {unknown}
 s - a potion of flight {unknown}
 w - a potion of haste {unknown}

Dungeon Overview and Level Annotations

Branches:
Dungeon (6/15)             Temple (1/1) D:5

Altars:
Ashenzari
Cheibriados
Dithmenos
Elyvilon
Fedhas
Gozag
Hepliaklqana
Kikubaaqudgha
Makhleb
Nemelex Xobeh
Okawaru
Qazlal
Ru
Sif Muna
Trog
Uskayaw
Vehumet
Wu Jian
Xom
Yredelemnul
Zin
The Shining One

Shops:
D:2 ( D:5

: ..... ▒.▒
▒....▒.▒▒▒▒
▒...▒.▒▒.▒▒▒▒▒▒▒▒
▒...▒.▒..........
▒▒..........y...y▒
.▒▒▒.>.......▒▒▒▒▒▒.▒
........▒.▒▒▒▒
........▒.▒▒▒▒▒▒▒▒▒
▒........yy♣.......
▒▒▒▒▒▒▒.▒▒▒▒▒▒▒▒▒▒.
▒.▒ ▒.▒ ▒.▒ ▒.▒ ▒.▒
▒.▒▒▒▒▒▒▒▒▒
▒.........▒


You could see 2 killer bees.


Message History

Unknown command.
You hit the killer bee.
The killer bee is moderately wounded.
You feel sick. The killer bee barely misses you.
The killer bee stings you but does no damage.
You closely miss the killer bee.
The killer bee is moderately wounded.
You feel sick.
The killer bee stings you but does no damage.
You closely miss the killer bee.
The killer bee is moderately wounded.
You feel sick.
The killer bee stings you but does no damage.
The killer bee stings you but does no damage.
You pummel the killer bee!!
You kill the killer bee!
Okawaru accepts your kill.
You feel sick. The killer bee stings you.
* * * LOW HITPOINT WARNING * * *
You barely miss the killer bee.
You feel sick.
You are no longer poisoned.
The killer bee stings you.
* * * LOW HITPOINT WARNING * * *
You barely miss the killer bee.
The killer bee stings you but does no damage.
The killer bee stings you.
You die...

Action                   |  1- 3 |  4- 6 |  7- 9 || total
-------------------------+-------+-------+-------++-------
Melee: Unarmed           |    90 |   116 |    93 ||   299
       Headbutt          |    10 |    16 |     6 ||    32
       Kick              |    16 |    26 |    11 ||    53
       Tailslap          |    10 |    13 |     2 ||    25
       Punch             |     1 |     5 |       ||     6
 Cast: Beastly Appendage |    25 |    28 |    13 ||    66
       Wereblood         |       |     2 |     3 ||     5
       Spider Form       |       |     2 |     6 ||     8
  Use: Potion            |       |       |     2 ||     2
 Stab: Sleeping          |     2 |       |     1 ||     3
Armor: Robe              |    35 |    22 |     9 ||    66
       Skin              |       |       |    10 ||    10
Dodge: Dodged            |    43 |    62 |    53 ||   158

Levels and vault maps discovered:
D:1:      lightli_arrival_flooded_house, layout_basic, minivault_11,
          minivault_19, bh_walls_and_bars
D:2:      layout_loops_cross, chequers_ecumenical_altar_simple_redux,
          serial_shops, nicolae_shop_bloodbath_and_beyond
D:3:      layout_loops_corners, trog_hazing_becter,
          nicolae_dithmenos_through_a_glass_darkly, uniq_sigmund
D:4:      minmay_recursive_quarters, layout_basic
D:5:      minmay_octagon_keep, layout_loops_ring, minmay_temple_entry_slanted,
          minmay_shop_grid_forest
D:6:      layout_loops_ring, minmay_fractal_squares_gapless_5
Temple:   mainiacjoe_temple_cubbyholes

Notes
Turn   | Place    | Note
-------+----------+-------------------------------------------
     0 | D:1      | sanka the Palentonga Transmuter began the quest for the
                  | Orb.
     0 | D:1      | Reached XP level 1. HP: 16/16 MP: 3/3
   127 | D:1      | Reached XP level 2. HP: 15/22 MP: 3/5
   858 | D:2      | Reached XP level 3. HP: 28/28 MP: 4/6
   861 | D:2      | Learned a level 2 spell: Wereblood
   865 | D:2      | Learned a level 3 spell: Spider Form
   902 | D:2      | Reached skill level 2 in Fighting
  1002 | D:2      | Reached skill level 4 in Unarmed Combat
  1358 | D:2      | Found Asuepax's Weapon Shop.
  1516 | D:2      | Found a faded altar of an unknown god.
  1537 | D:2      | Reached XP level 4. HP: 27/36 MP: 4/7
  2225 | D:3      | Found a shadowy altar of Dithmenos.
  2268 | D:3      | Reached skill level 3 in Fighting
  2633 | D:3      | Found a bloodstained altar of Trog.
  2840 | D:3      | Reached skill level 5 in Unarmed Combat
  2840 | D:3      | Reached XP level 5. HP: 28/43 MP: 5/8
  2989 | D:3      | Noticed Sigmund
  3156 | D:3      | Killed Sigmund
  3157 | D:3      | Reached skill level 6 in Unarmed Combat
  3157 | D:3      | Reached XP level 6. HP: 47/50 MP: 1/9
  3320 | D:4      | Reached skill level 1 in Poison Magic
  3500 | D:4      | Reached skill level 3 in Transmutations
  3856 | D:4      | Reached skill level 2 in Poison Magic
  3928 | D:4      | Gained mutation: You curl defensively after being hit. (AC
                  | +7*) [Palentonga growth]
  3928 | D:4      | Reached XP level 7. HP: 30/55 MP: 8/10
  4163 | D:4      | Reached skill level 4 in Transmutations
  4331 | D:4      | Reached skill level 5 in Transmutations
  4902 | D:5      | Entered Level 5 of the Dungeon
  5063 | D:5      | Found a staircase to the Ecumenical Temple.
  5076 | Temple   | Entered the Ecumenical Temple
  5388 | Temple   | Became a worshipper of Warmaster Okawaru
  5533 | D:5      | Found Keezaxiu's Book Shop.
  6088 | D:5      | Reached skill level 6 in Transmutations
  6089 | D:5      | Reached skill level 2 in Dodging
  6334 | D:5      | Identified the +3 rapier of the Blowfly {protect, SInv}
  6761 | D:6      | Reached skill level 3 in Dodging
  6761 | D:6      | Reached XP level 8. HP: 22/62 MP: 8/11
  6770 | D:6      | HP: 9/93 [poisoned by a killer bee]
  6771 | D:6      | HP: 4/93 [poisoned by a killer bee]
  6772 | D:6      | Slain by a killer bee

Vanquished Creatures
  Sigmund (D:3)
  A water moccasin (D:4)
  A phantom (D:4)
  4 killer bees (D:6)
  A bullfrog zombie (D:5)
  A jelly (D:4)
  2 hounds (D:4)
  4 iguanas (D:5)
  3 orc wizards
  8 gnolls
  5 adders
  An adder skeleton (D:4)
  3 worms
  5 dart slugs
  13 orcs
  6 ball pythons
  2 endoplasms
  3 giant cockroaches
  11 goblins
  12 hobgoblins
  2 jackals (D:1)
  8 kobolds
  6 quokkas
  9 bats
  2 frilled lizards (D:1)
  A jackal skeleton (D:4)
  3 rats
118 creatures vanquished.
